Map: Dusty Gorge

Players

OpuS

  • Race: Protoss Protoss
  • League: Diamond
  • Spawn Location: 9:00

Sketchaphone

  • Race: Zerg Zerg
  • League: Gold
  • Spawn Location: 11:00

TeejSci

  • Race: Zerg Zerg
  • Spawn Location: 3:00

Sygehti

  • Race: Protoss Protoss
  • Spawn Location: 5:00

VOD

Have the link to the VOD?

Description

Time

  • Played on: Jan. 20, 2019, 8:28 p.m.
  • Length: 21:09
Show
View Real Time Build Order
Export as new Build Order

OpuS Protoss 

Build Orders: 1 Gate Expand 

Get SALT Encoding   

  12  0:01  Probe  
  13  0:13  Probe  
  14  0:20  Pylon  
  14  0:25  Probe  
  15  0:37  Probe  
  16  0:44  Gateway  
  16  0:45  Probe  
  17  0:51  Assimilator  
  17  0:53  Probe  
  18  1:10  Probe  
  19  1:22  Probe  
  20  1:34  Nexus  
  20  1:37  Zealot  
  21  1:53  Gateway  
  21  1:56  Pylon  
  21  2:10  Zealot  
  23  2:16  Cybernetics Core  
  23  2:30  Probe  
  23  2:33  Pylon  
  24  2:37  Zealot  
  24  2:42  Probe  
  27  2:52  Twilight Council  
  27  2:57  Probe x2  
  29  2:59  Warp Gate  
  29  3:00  Assimilator  
  29  3:06  Zealot  
  29  3:10  Charge  
  29  3:12  Probe x2  
  33  3:41  Zealot x2, Probe  
  37  3:42  Probe  
  39  3:53  Probe  
  39  3:54  Probe  
  41  3:56  Gateway  
  41  4:06  Probe  
  42  4:19  Probe x2  
  44  4:29  Pylon  
  44  4:31  Pylon, Probe x2  
  42  4:51  Stalker x2  
  42  4:52  Forge  
  42  4:58  Probe x2  
  44  5:05  Gateway  
  44  5:06  Protoss Ground Weapons Level 1  
  44  5:08  Pylon  
  44  5:10  Probe x2  
  46  5:17  Zealot x2  
  46  5:18  Zealot, Forge  
  52  5:22  Probe  
  53  5:30  Probe  
  53  5:34  Probe  
  55  5:38  Assimilator  
  55  5:39  Stalker x2  
  55  5:42  Probe, Protoss Ground Armor Level 1  
  60  5:43  Assimilator  
  60  5:49  Pylon  
  60  5:52  Pylon  
  60  6:11  Robotics Facility  
  60  6:16  Pylon  
  60  6:21  Stargate  
  60  6:25  Stargate  
  60  6:32  Probe x2  
  57  6:44  Probe x2  
  59  6:53  Stalker  
  61  6:54  Stalker x3  
  61  6:56  Probe x2  
  69  7:08  Void Ray x2  
  77  7:20  Zealot x3  
  83  7:23  Zealot  
  85  7:32  Pylon  
  85  7:34  Photon Cannon  
  85  7:41  Zealot x2  
  85  7:42  Zealot  
  91  8:06  Nexus, Void Ray x2  
  99  8:17  Blink  
  72  8:39  Stalker x2  
  72  8:40  Stalker  
  68  8:48  Void Ray  
  68  8:49  Stalker, Void Ray  
  68  8:54  Probe x2  
  74  9:04  Stalker x2  
  74  9:05  Stalker  
  80  9:13  Probe x2  
  82  9:18  Probe  
  82  9:19  Protoss Ground Weapons Level 2, Protoss Ground Armor Level 2  
  81  9:25  Probe x2  
  83  9:35  Stalker x2  
  83  9:37  Stalker  
  89  9:45  Probe x3  
  92  9:57  Probe x3  
  92  9:59  Pylon  
  95  10:03  Pylon  
  95  10:04  Gateway  
  95  10:06  Gateway  
  95  10:27  Void Ray x2  
  103  10:37  Stalker  
  103  10:38  Stalker x3  
  103  10:40  Probe x3  
  103  10:42  Assimilator  
  114  10:46  Assimilator  
  105  10:57  Probe x3  
  99  11:06  Nexus  
  99  11:07  Pylon  
  99  11:09  Probe  
  99  11:10  Pylon  
  100  11:16  Stalker  
  100  11:17  Stalker x4  
  110  11:19  Stalker  
  110  11:20  Protoss Ground Weapons Level 3, Protoss Ground Armor Level 3  
  112  11:55  Stalker x4  
  112  11:56  Stalker x2  
  124  12:02  Gateway  
  124  12:05  Gateway  
  124  12:07  Gateway  
  118  12:22  Gateway  
  114  12:25  Pylon  
  114  12:27  Probe x3  
  114  12:28  Probe  
  114  12:29  Stalker x3  
  116  12:30  Stalker  
  118  12:39  Probe x2  
  118  12:40  Probe x2  
  122  12:47  Templar Archives  
  122  12:51  Probe  
  122  12:52  Probe x3  
  126  13:03  Probe  
  126  13:04  Probe x3  
  130  13:17  Stalker x6  
  130  13:18  Stalker  
  116  13:27  Robotics Facility  
  122  13:40  Stalker x4  
  122  13:41  Stalker  
  129  13:42  Stalker  
  71  14:27  Nexus  
  61  14:31  Pylon  
  61  14:33  Pylon  
  61  14:36  Pylon, Observer  
  48  14:41  Probe x2  
  48  14:42  Probe  
  48  14:44  Assimilator  
  47  14:47  Assimilator  
  47  14:53  Probe  
  47  14:58  Observer  
  49  15:01  Stargate  
  49  15:03  Stargate  
  49  15:04  Stargate  
  49  15:06  Stargate  
  34  15:10  Probe, Stargate  
  34  15:11  Stargate  
  36  15:19  Observer  
  32  15:34  Void Ray  
  32  15:40  Observer  
  33  15:46  Probe  
  33  15:47  Probe  
  35  15:52  Pylon  
  35  15:54  Void Ray x2  
  43  15:58  Probe  
  43  15:59  Probe  
  43  16:02  Observer  
  50  16:26  Probe  
  50  16:27  Probe  
  56  16:52  Probe x2  
  49  17:14  Void Ray  
Show
View Real Time Build Order
Export as new Build Order

Sketchaphone Zerg 

Build Orders: Pool First 

Get SALT Encoding   

  12  0:20  Spawning Pool  
  11  0:23  Drone  
  12  0:33  Drone x2  
  14  0:37  Extractor  
  14  0:40  Drone  
  14  0:45  Extractor  
  14  0:48  Drone  
  14  1:09  Roach Warren  
  13  1:13  Drone  
  13  1:15  Overlord  
  14  1:33  Drone  
  14  1:34  Drone  
  16  1:40  Drone  
  19  1:54  Roach  
  19  2:00  Roach  
  21  2:10  Overlord  
  21  2:21  Ravager  
  22  2:28  Queen  
  24  2:32  Roach  
  24  2:35  Roach  
  28  2:43  Roach  
  30  3:00  Overlord  
  30  3:12  Overlord  
  30  3:16  Hatchery  
  27  3:35  Queen  
  27  3:36  Drone  
  27  3:37  Roach  
  27  3:40  Ravager  
  27  3:41  Ravager  
  34  3:44  Drone  
  35  3:51  Roach  
  37  4:06  Overlord  
  37  4:07  Spine Crawler  
  37  4:18  Zergling x2  
  37  4:20  Roach  
  37  4:23  Spine Crawler  
  27  4:58  Drone x4  
  27  4:59  Overlord, Drone  
  23  5:09  Queen, Drone  
  23  5:11  Drone  
  27  5:31  Spore Crawler  
  27  5:33  Drone  
  27  5:34  Spore Crawler, Drone x3  
  29  5:42  Drone x2  
  31  5:52  Drone x2  
  31  5:56  Queen  
  35  6:07  Drone  
  35  6:09  Overlord  
  36  6:14  Zergling x4  
  38  6:25  Overlord, Roach  
  40  6:26  Roach  
  40  6:27  Roach  
  44  6:53  Roach x4  
  44  6:54  Roach  
  54  6:58  Drone  
  55  7:02  Roach x3  
  55  7:08  Overlord  
  61  7:10  Lair  
  61  7:17  Hatchery  
  60  7:30  Drone  
  60  7:31  Overlord, Drone x2  
  60  7:32  Overlord  
  60  7:33  Drone x2  
  60  7:34  Drone  
  66  7:56  Overlord, Drone x2  
  68  8:01  Overlord  
  68  8:02  Roach x6  
  80  8:08  Roach  
  80  8:09  Drone  
  81  8:39  Zergling x20  
  80  9:00  Glial Reconstitution  
  80  9:01  Hydralisk Den  
  73  9:03  Drone x3  
  73  9:06  Queen  
  70  9:27  Evolution Chamber  
  70  9:28  Evolution Chamber, Drone x3, Extractor  
  70  9:29  Overlord, Drone  
  71  9:37  Hydralisk x6  
  83  9:40  Zergling x8  
  83  9:42  Queen  
  79  10:28  Overlord x2  
  77  10:31  Overlord  
  77  10:32  Overlord  
  77  10:35  Spore Crawler  
  76  10:37  Spore Crawler  
  76  10:42  Overlord x2  
  74  10:45  Overlord x2  
  74  10:47  Zerg Missile Weapons Level 1  
  74  10:48  Zerg Ground Armor Level 1  
  73  10:52  Grooved Spines  
  72  11:00  Drone x3, Extractor  
  72  11:01  Overlord  
  74  11:19  Metabolic Boost  
  74  11:23  Drone  
  74  11:24  Overlord, Drone x2  
  74  11:25  Roach x6  
  89  11:26  Roach x4  
  95  12:04  Extractor  
  94  12:10  Zergling x8  
  94  12:11  Zergling x12  
  104  12:16  Evolution Chamber  
  103  12:28  Drone  
  104  12:35  Queen  
  106  12:38  Drone  
  106  12:39  Overlord x2, Drone x4  
  106  12:40  Hatchery  
  106  12:41  Drone x2  
  106  12:42  Extractor  
  111  12:47  Drone x3  
  111  12:48  Zerg Missile Weapons Level 2  
  111  12:50  Zerg Ground Armor Level 2  
  114  12:51  Hydralisk x2  
  114  12:53  Muscular Augments  
  117  13:18  Spire  
  116  13:27  Overseer x2  
  95  14:03  Hydralisk x3  
  95  14:04  Zergling x20  
  95  14:05  Zergling x18  
  119  14:12  Overseer  
  119  14:42  Corruptor x12  
  143  14:47  Zerg Flyer Armor Level 1  
  125  15:06  Corruptor  
  125  15:07  Corruptor x3  
  130  15:21  Corruptor x3  
  130  15:23  Overseer  
  130  15:26  Corruptor  
  124  15:53  Corruptor  
  124  15:54  Corruptor x3  
  132  16:11  Drone x2  
  132  16:12  Drone x2  
  136  16:19  Zergling x2  
  136  16:21  Overlord  
  129  16:34  Corruptor  
  125  16:45  Drone x2  
  127  16:56  Hydralisk x3  
  127  16:57  Hydralisk  
  135  17:07  Drone x2  
  137  17:12  Corruptor  
  139  17:16  Hatchery  
  138  17:32  Pneumatized Carapace  
  138  17:53  Hatchery  
  137  18:00  Corruptor x4  
  137  18:02  Overlord x3  
  137  18:03  Overlord x2  
  137  18:31  Overseer  
  137  18:40  Infestation Pit  
  136  18:44  Corruptor x2  
  136  18:47  Corruptor x8  
  136  18:48  Corruptor  
  158  18:50  Queen  
  158  18:51  Queen x2  
  160  18:57  Corruptor x3  
  160  18:59  Queen  
  168  19:12  Queen  
  168  19:13  Zergling x18  
  177  19:27  Roach x2  
  177  19:28  Roach x3  
  170  19:58  Corruptor  
  170  19:59  Corruptor x4  
  166  20:01  Zergling x10  
  166  20:02  Zergling x4  
  139  20:15  Roach  
  139  20:19  Corruptor x2  
Show
View Real Time Build Order
Export as new Build Order

TeejSci Zerg 

Build Orders: Pool First 

Get SALT Encoding   

  12  0:23  Spawning Pool  
  12  0:25  Extractor  
  10  0:33  Drone  
  11  0:35  Overlord  
  11  0:41  Drone  
  12  0:52  Drone  
  13  0:59  Drone  
  14  1:13  Queen  
  14  1:16  Zergling x2  
  17  1:30  Metabolic Boost  
  17  1:50  Zergling x6  
  20  2:10  Zergling x2  
  21  2:24  Overlord, Zergling x2  
  22  2:47  Roach Warren  
  21  2:55  Hatchery  
  20  3:02  Drone x3  
  21  3:36  Drone x2  
  21  3:37  Drone  
  24  3:55  Spine Crawler  
  23  3:59  Spine Crawler  
  22  4:08  Roach  
  22  4:09  Roach x2  
  26  4:25  Roach x3  
  25  4:58  Roach  
  25  4:59  Roach x4  
  33  5:04  Drone x2  
  33  5:05  Overlord  
  35  5:15  Overlord  
  35  5:25  Drone x2  
  35  5:26  Overlord  
  37  5:38  Drone x3  
  40  5:47  Drone  
  41  6:00  Drone x3  
  44  6:09  Roach x3  
  50  6:17  Drone x2  
  52  6:25  Roach x2  
  56  6:30  Drone  
  56  6:56  Roach  
  58  7:03  Spore Crawler  
  58  7:05  Spore Crawler  
  58  7:06  Extractor  
  55  7:10  Extractor  
  54  7:22  Overlord x2  
  54  7:23  Drone x4  
  54  7:27  Extractor  
  54  7:28  Hatchery  
  54  7:29  Evolution Chamber  
  55  7:31  Evolution Chamber  
  55  7:35  Drone x2  
  56  7:44  Queen  
  58  7:58  Roach  
  58  7:59  Roach x5  
  58  8:03  Zerg Missile Weapons Level 1  
  58  8:05  Zerg Ground Armor Level 1  
  70  8:11  Drone x2  
  62  8:28  Roach  
  62  8:29  Roach x3  
  54  8:46  Roach x4  
  58  8:54  Roach  
  43  9:03  Roach  
  42  9:18  Drone  
  42  9:19  Drone x3  
  46  9:24  Extractor  
  46  9:28  Spine Crawler  
  44  9:33  Spine Crawler  
  43  9:39  Spine Crawler  
  43  9:42  Spine Crawler  
  41  9:46  Drone  
  41  9:47  Drone x2  
  45  9:53  Ravager x5  
  45  9:55  Ravager  
  45  9:57  Drone  
  42  10:19  Roach  
  42  10:20  Roach x4  
  37  10:39  Roach x2  
  32  11:37  Hatchery  
  31  11:50  Hatchery  
  15  12:14  Roach  
  15  12:15  Roach x2  
  20  12:16  Lair  
  20  12:45  Drone x2  
  16  13:03  Spine Crawler x2  
  16  13:04  Spine Crawler  
  13  13:05  Spine Crawler  
  13  13:09  Spine Crawler  
  2  13:34  Hatchery  
  2  13:36  Drone x3  
  3  14:01  Lair  
  3  14:04  Drone x2  
  5  14:34  Drone x3  
  8  15:11  Hydralisk Den  
  8  15:13  Extractor  
  6  15:15  Extractor  
  5  15:33  Drone x3  
  8  16:02  Lurker Den  
  8  16:03  Drone x2  
  9  16:40  Drone x3  
  12  17:03  Hatchery  
  11  17:18  Hydralisk  
  11  17:19  Hydralisk x2  
  17  17:34  Hydralisk  
  19  17:41  Queen  
  21  17:45  Lurker  
  22  17:52  Lurker  
  19  18:24  Hydralisk  
  21  18:35  Hydralisk  
  21  18:36  Drone  
  22  18:55  Hydralisk  
  24  19:05  Drone x3  
  17  20:03  Hydralisk x3  
Show
View Real Time Build Order
Export as new Build Order

Sygehti Protoss 

Build Orders: Oracle Opening, Carriers 

Get SALT Encoding   

  12  0:01  Probe  
  13  0:17  Pylon  
  13  0:18  Probe  
  14  0:30  Probe  
  15  0:39  Probe  
  15  0:42  Gateway  
  16  0:47  Probe  
  16  0:56  Probe  
  18  1:05  Probe  
  19  1:14  Probe  
  20  1:21  Assimilator  
  20  1:22  Probe  
  21  1:35  Probe  
  21  1:36  Cybernetics Core  
  23  1:47  Probe  
  23  1:58  Assimilator  
  23  2:05  Pylon  
  23  2:21  Nexus  
  23  2:23  Stalker, Probe  
  26  2:31  Probe  
  27  2:39  Probe  
  28  2:48  Assimilator  
  28  2:50  Probe  
  28  2:53  Stargate  
  29  3:02  Stalker  
  31  3:10  Pylon  
  31  3:24  Probe  
  32  3:34  Probe  
  36  3:41  Forge, Oracle  
  36  3:43  Probe  
  36  3:47  Probe  
  38  3:51  Probe  
  39  3:56  Assimilator  
  39  3:57  Pylon  
  39  3:59  Stalker, Probe  
  39  4:00  Probe  
  43  4:11  Probe  
  44  4:18  Void Ray  
  44  4:19  Probe  
  49  4:27  Probe  
  49  4:34  Stargate  
  49  4:37  Probe  
  45  5:05  Stalker  
  45  5:07  Void Ray  
  47  5:09  Probe  
  52  5:17  Probe  
  52  5:19  Photon Cannon  
  53  5:23  Photon Cannon, Void Ray  
  53  5:25  Probe  
  58  5:37  Probe  
  58  5:38  Photon Cannon  
  59  5:44  Nexus  
  59  5:45  Probe  
  59  5:46  Fleet Beacon  
  59  5:49  Probe  
  61  6:01  Probe  
  62  6:05  Pylon  
  62  6:09  Pylon  
  62  6:23  Probe, Phoenix, Void Ray  
  69  6:50  Protoss Shields Level 1  
  69  6:51  Protoss Air Weapons Level 1  
  69  6:55  Phoenix  
  69  6:58  Anion Pulse-Crystals  
  69  7:00  Carrier  
  71  7:01  Probe  
  71  7:02  Probe  
  71  7:07  Probe  
  74  7:13  Probe  
  74  7:14  Phoenix  
  74  7:15  Probe  
  82  7:17  Stargate  
  82  7:19  Probe  
  82  7:22  Assimilator  
  83  7:23  Assimilator  
  83  7:26  Probe  
  86  7:31  Probe  
  87  7:38  Probe  
  87  7:40  Pylon  
  87  7:43  Pylon, Probe  
  89  7:47  Pylon  
  89  7:50  Probe  
  90  7:55  Probe  
  97  7:58  Carrier  
  97  8:07  Probe  
  98  8:19  Probe  
  92  8:31  Probe  
  83  8:44  Probe  
  84  8:56  Probe  
  85  9:22  Probe  
  86  9:28  Photon Cannon  
  86  9:30  Photon Cannon  
  86  9:33  Photon Cannon  
  86  9:34  Probe  
  86  9:38  Carrier  
  87  9:42  Carrier  
  99  9:47  Probe  
  100  9:59  Probe  
  101  10:11  Probe  
  102  10:17  Mothership  
  102  10:23  Carrier  
  102  10:28  Protoss Air Weapons Level 2  
  116  10:40  Carrier x2  
  90  11:19  Carrier  
  85  11:35  Carrier  
  91  11:50  Pylon  
  91  11:52  Pylon  
  91  11:54  Pylon  
  91  11:59  Pylon  
  85  12:27  Carrier  
  91  12:40  Carrier  
  97  12:45  Probe  
  97  12:48  Nexus  
  98  12:57  Probe  
  99  13:31  Carrier  
  110  13:51  Pylon  
  110  13:53  Pylon  
  105  13:58  Carrier  
  105  13:59  Pylon x2  
  95  14:42  Carrier x2  
  107  15:20  Carrier  
  113  15:46  Carrier  
  105  15:57  Carrier  
  111  16:06  Probe  
  112  16:11  Mothership  
  112  16:18  Probe  
  112  16:19  Pylon  
  112  16:21  Pylon  
  112  16:24  Pylon  
  121  16:26  Cybernetics Core  
  121  16:30  Probe, Stargate  
  121  16:31  Protoss Air Weapons Level 3  
  116  16:42  Probe  
  116  16:43  Carrier  
  123  16:55  Probe  
  124  17:07  Probe  
  125  17:27  Carrier  
  131  18:01  Tempest  
  124  18:24  Carrier  
  118  18:34  Assimilator  
  112  18:52  Carrier  
  118  19:08  Nexus, Probe  
  118  19:16  Pylon, Probe  
  119  19:17  Pylon x2  
  119  19:18  Carrier  
  119  19:20  Pylon  
  126  19:26  Pylon  
  126  19:27  Probe  
  126  19:30  Twilight Council  
Tags
 
Add a new tag
Caveats
  • Supply blocks, unpowered buildings, or Contaminate may cause inaccurate times.
  • Supply counts are checked every 10 seconds.